 Dungeon Crawl Stone Soup version 0.29.1-12-g30fa7ad0bf (webtiles) character file.

Game seed: 15053279160939192121

301 hawla the Firebug (level 6, -34/45 HPs)
             Began as a Meteoran Fire Elementalist on Dec 28, 2022.
             Annihilated by an ogre
             ... wielding a +0 giant club
              (36 damage)
             ... while paralysed by Grinder
             ... on level 5 of the Dungeon.
             The game lasted 00:06:45 (1444 turns).

hawla the Firebug (Meteoran Fire Elementalist)      Turns: 1444, Time: 00:06:45

Health: -34/45     AC:  2    Str:  9    XL:     6   Next: 97%
Magic:  6/12       EV:  2    Int: 18    God:
Gold:   174        SH:  0    Dex: 16    Spells: 4/11 levels left

rFire   . . .      SeeInvis .   g - staff of cold
rCold   + . .      Faith    .   (no shield)
rNeg    . . .      Spirit   .   a - +0 robe
rPois   .          Reflect  +   (no helmet)
rElec   .          Harm     .   (no cloak)
rCorr   .          Rampage  .   (no gloves)
Will    .....                   (no boots)
Stlth   +.........              l - amulet of reflection
HPRegen 0.15/turn               (no ring)
MPRegen 0.13/turn               (no ring)

@: paralysed, glowing
A: sense surroundings 1, otherworldly, glowing, explore regen
a: no special abilities


You were on level 5 of the Dungeon.
You visited 1 branch of the dungeon, and saw 5 of its levels.

You collected 174 gold pieces.

Inventory:

Armour
 a - a +0 robe (worn)
Magical Staves
 g - a staff of cold (weapon)
 h - a staff of earth
Jewellery
 f - an amulet of the acrobat
 l - an amulet of reflection (around neck)
Potions
 b - a potion of magic
 c - a potion of haste
 d - a potion of resistance
 e - 2 potions of flight {unknown}
 i - a potion of curing
 j - a potion of attraction {unknown}
 k - a potion of berserk rage {unknown}


   Skills:
 - Level 2.9 Dodging
 - Level 1.4 Stealth
 - Level 3.4 Spellcasting
 - Level 4.7 Conjurations
 - Level 5.0 Fire Magic
 - Level 1.6 Ice Magic
 + Level 1.7 Earth Magic
 - Level 1.8 Evocations


You had 4 spell levels left.
You knew the following spells:

 Your Spells              Type           Power      Damage    Failure   Level
a - Foxfire               Conj/Fire      80%        2x1d8     1%          1
b - Scorch                Fire           42%        2d7       3%          2
c - Flame Wave            Conj/Fire      20%        2d7       21%         4

Your spell library contained the following spells:

 Spells                   Type           Power      Damage    Failure   Level
 Conjure Flame            Conj/Fire      20%        6-21      6%          3
 Slow                     Hex            12%        N/A       16%         1
 Dazzling Flash           Conj/Hex       22%        N/A       17%         3
 Inner Flame              Hex/Fire       12%        N/A       17%         3
 Confusing Touch          Hex            3%         N/A       43%         3
 Vampiric Draining        Necr           3%         2d6       43%         3
 Iskenderun's Mystic Bla  Conj/Tloc      11%        2d4       50%         4
 Starburst                Conj/Fire      10%        6d5       97%         6


Dungeon Overview and Level Annotations

Branches:
Dungeon (5/15) Zot: 1550
 Temple: D:4-7

Altars:
Hepliaklqana
Qazlal
Ru
Uskayaw

Annotations:
D:5 Grinder


Innate Abilities, Weirdness & Mutations

You passively map a small area around you.
You are easily found by Zot.
You glow in the dark.
You regain HP and MP as you explore.


Message History

Found a cyan potion.
There is a stone staircase leading up here.
Okay, then.
Okay, then.
Casting: Scorch (safe; 3% risk of failure)
Confirm with . or Enter, or press ? or * to list all spells.
You conjure some foxfire!
The foxfire hits Grinder.
Grinder is lightly wounded.
Casting: Foxfire (safe; 1% risk of failure)
Confirm with . or Enter, or press ? or * to list all spells.
Flames lash Grinder.
Grinder is moderately wounded.
Grinder's fire resistance burns away.
The foxfire hits Grinder.
Grinder is burned terribly!
Grinder is heavily wounded.
You aren't carrying any scrolls.
Casting: Scorch (safe; 3% risk of failure)
Confirm with . or Enter, or press ? or * to list all spells.
Flames lash the ogre.
The ogre is heavily wounded.
The ogre's fire resistance burns away.
You block Grinder's attack.
The ogre hits you with a +0 giant club!!
Ouch! That really hurt!
Casting: Scorch (safe; 3% risk of failure)
Confirm with . or Enter, or press ? or * to list all spells.
You conjure some foxfire!
Grinder gestures at you.
You suddenly lose the ability to move!
The foxfire hits the orc!
You kill the orc!
The foxfire hits the ogre!
The ogre is burned terribly!
The ogre is almost dead.
The ogre hits you with a +0 giant club!
* * * LOW HITPOINT WARNING * * *
Grinder hits you.
* * * LOW HITPOINT WARNING * * *
You writhe in agony.
* * * LOW HITPOINT WARNING * * *
The ogre hits you with a +0 giant club!!!
Ouch! That really hurt!
You die...

, * *
*##########
####* *
.........#.....
* ,
...............
,
*......O@5......
....!...)......
,
,...............
,,
,...............
*
...............
*
...............
...............
*
..##.....#.....*
*


You could see Grinder (combustible) and an ogre (combustible).

Vanquished Creatures
  2 kobold brigands (D:3)
  Jessica (D:3)
  2 orc wizards (D:4)
  3 adders (D:3)
  4 dart slugs
  7 orcs
  3 endoplasms
  A giant cockroach (D:3)
  3 goblins
  2 hobgoblins
  6 jackals
  A quokka (D:4)
  4 ball pythons
  A bat (D:3)
  A frilled lizard (D:2)
  9 kobolds
  2 rats
52 creatures vanquished.

Vanquished Creatures (others)
  50 foxfires
50 creatures vanquished.

Grand Total: 102 creatures vanquished

Notes
Turn   | Place    | Note
-------+----------+-------------------------------------------
     0 | D:1      | hawla the Meteoran Fire Elementalist began the quest for
                  | the Orb.
     0 | D:1      | Reached XP level 1. HP: 14/14 MP: 5/5
   155 | D:3      | Noticed Jessica
   160 | D:3      | Reached skill level 4 in Fire Magic
   160 | D:3      | Reached XP level 2. HP: 17/20 MP: 2/6
   165 | D:2      | Learned a level 2 spell: Scorch
   199 | D:3      | Killed Jessica
   200 | D:3      | Reached XP level 3. HP: 26/26 MP: 0/8
   269 | D:3      | Reached XP level 4. HP: 33/33 MP: 7/9
   279 | D:3      | Learned a level 4 spell: Flame Wave
   345 | D:3      | Noticed a kobold brigand
   345 | D:3      | Noticed a kobold brigand
   353 | D:3      | Killed a kobold brigand
   354 | D:3      | Reached XP level 5. HP: 19/38 MP: 7/10
   358 | D:3      | Killed a kobold brigand
   359 | D:3      | Reached skill level 5 in Fire Magic
   359 | D:3      | Reached XP level 6. HP: 4/45 MP: 0/12
   658 | D:3      | Found a stormy altar of Qazlal.
   658 | D:3      | Found a sacrificial altar of Ru.
   658 | D:3      | Found a hide-covered altar of Uskayaw.
   663 | D:3      | Reached skill level 1 in Evocations
   744 | D:3      | Reached skill level 1 in Ice Magic
   959 | D:3      | Found a hazy altar of Hepliaklqana.
  1069 | D:4      | Identified the +5 sling of the Traitor {flame, rF+}
  1392 | D:4      | Reached skill level 1 in Earth Magic
  1438 | D:5      | Entered Level 5 of the Dungeon
  1438 | D:5      | Noticed Grinder
  1438 | D:5      | Noticed an ogre
  1442 | D:5      | Paralysed by Grinder for 4 turns
  1443 | D:5      | HP: 2/45 [Grinder (4)]
  1444 | D:5      | Annihilated by an ogre

Illustrated notes

Levels and vault maps discovered:
D:1:      dpeg_arrival_ternary, layout_basic, serial_corexii_hall,
          chequers_hall_statues_corner_a, chequers_hall_statues_corner_a,
          chequers_hall_statues_y, chequers_hall_statues_y,
          chequers_hall_statues_corner_a, chequers_hall_statues_y,
          dreamdust_wishing_well, nrook_mini_backslash
D:2:      layout_basic, nicolae_ecumenical_lake_church,
          chequers_serial_rivers_room_b, uniq_natasha
D:3:      cheibrodos_thug_alley, layout_basic, gammafunk_temple_overflow_claw,
          general_overflow_altar, uniq_jessica
D:4:      nicolae_cairo_tiling_large, layout_gridville
D:5:      layout_rooms, marbit_many_paths, temple_green, lightli_corner_chamber,
          uniq_sigmund, uniq_grinder, uniq_edmund

Skill      XL: |  1  2  3  4  5  6 |
---------------+-------------------+-----
Fire Magic     | 4 5 |  5.0
Spellcasting   | 3 |  3.4
Conjurations   | 4 |  4.7
Evocations     | 1 |  1.8
Ice Magic      | 1 |  1.6
Earth Magic    | 1 |  1.7
Dodging        | |  2.9
Stealth        | |  1.4

Action                   |  1- 3 |  4- 6 || total
-------------------------+-------+-------++-------
Melee: Unarmed           |     2 |     1 ||     3
       Staff             |       |    24 ||    24
 Cast: Foxfire           |    14 |    25 ||    39
       Scorch            |     2 |    40 ||    42
  Use: Potion            |       |     1 ||     1
       Scroll            |       |     6 ||     6
Armor: Robe              |       |     7 ||     7
Dodge: Dodged            |     1 |    37 ||    38
Block: Other             |       |     1 ||     1
